 Dungeon Crawl Stone Soup version 0.28.0-43-g3370ac3207 (webtiles) character file.

Game seed: 14383070189477685800

3672 davidthevgamer991 the Carver (level 9, -4/106 HPs)
             Began as a Minotaur Fighter on Mar 28, 2022.
             Was a High Priest of Hepliaklqana.
             Slain by an orc warrior
             ... wielding a +0 war axe
              (11 damage)
             ... in a bailey on Mar 29, 2022.
             The game lasted 00:58:22 (8061 turns).

davidthevgamer991 the Carver (Minotaur Fighter)     Turns: 8061, Time: 00:58:23

Health: -4/106     AC:  9    Str: 26    XL:     9   Next: 89%
Magic:  8/8        EV: 15    Int:  5    God:    Hepliaklqana [*****.]
Gold:   627        SH:  5    Dex:  9    Spells: 8/8 levels left

rFire   . . .      SeeInvis +   a - +0 long sword
rCold   . . .      Faith    .   c - +0 buckler
rNeg    . . .      Spirit   .   b - +1 scale mail
rPois   .          Reflect  .   (helmet restricted)
rElec   .          Harm     .   (no cloak)
rCorr   .          Rampage  .   (no gloves)
Will    .....                   (no boots)
Stlth   ..........              (no amulet)
HPRegen 0.27/turn               m - ring of see invisible
MPRegen 0.11/turn               p - +4 ring of evasion

@: berserking (expiring), very quick
A: reduced essence, horns 2, retaliatory headbutt
a: Renounce Religion, Recall Ancestor, Ancestor Identity, Transference, Idealise


You were in a bailey.
You worshipped Hepliaklqana.
Hepliaklqana was extremely pleased with you.
You visited 1 branch of the dungeon, and saw 8 of its levels.
You also visited: Sewer and Bailey.

You collected 744 gold pieces.
You spent 117 gold pieces at shops.

Inventory:

Hand Weapons
 a - a +0 long sword (weapon)
 d - a +0 demon trident
 o - a +2 short sword of flaming
 y - a +0 flail
 A - a +2 dagger of protection
Armour
 b - a +1 scale mail (worn)
 c - a +0 buckler (worn)
 h - a +1 helmet
 j - a +0 chain mail
 l - a +0 leather armour of cold resistance
Magical Staves
 e - a staff of poison
Jewellery
 m - a ring of see invisible (left hand)
 p - a +4 ring of evasion (right hand)
 v - a +6 ring of dexterity
 E - a ring of poison resistance
Wands
 q - a wand of paralysis (9)
 D - a wand of iceblast (8)
Scrolls
 g - 5 scrolls of noise
 r - 2 scrolls of enchant armour
 s - a scroll of silence {unknown}
 u - 2 scrolls of amnesia {unknown}
 B - a scroll of blinking
Potions
 f - a potion of haste
 i - 2 potions of attraction
 k - 2 potions of flight
 n - 2 potions of degeneration
 t - 3 potions of curing {unknown}
 x - 2 potions of ambrosia {unknown}
 C - a potion of mutation {unknown}


   Skills:
 + Level 7.2 Fighting
 + Level 9.7 Long Blades
 + Level 9.2 Armour
 + Level 5.3 Dodging
 + Level 1.8 Stealth
 + Level 7.8 Shields


You had 8 spell levels left.
You didn't know any spells.
Your spell library contained the following spells:

 Spells                   Type           Power      Damage    Failure   Level
 Animate Skeleton         Necr           0%         N/A       80%         1
 Apportation              Tloc           0%         N/A       80%         1
 Beastly Appendage        Tmut           0%         N/A       80%         1
 Slow                     Hex            0%         N/A       80%         1
 Summon Small Mammal      Summ           0%         N/A       80%         1
 Wereblood                Tmut           0%         N/A       90%         2
 Confusing Touch          Hex            0%         N/A       99%         3
 Spider Form              Tmut/Pois      0%         N/A       99%         3
 Vampiric Draining        Necr           0%         2d6       99%         3
 Summon Forest            Summ/Tloc      0%         N/A       100%        5
 Eringya's Noxious Bog    Tmut/Pois      0%         N/A       100%        6
 Summon Hydra             Summ           0%         N/A       100%        7


Dungeon Overview and Level Annotations

Branches:
Dungeon (8/15)             Temple (0/1) D:7           Sewer (visited)
 Bailey (1/1)
   Lair: D:8-11

Altars:
Fedhas
Gozag
Hepliaklqana
Okawaru
Qazlal
Ru
Vehumet
Wu Jian
Yredelemnul
The Shining One

Shops:
D:1 !   D:6 !


Innate Abilities, Weirdness & Mutations

Your life essence is reduced to manifest your ancestor. (-10% HP)
You have a pair of horns on your head.
You reflexively headbutt those who attack you in melee.


Message History

The orc warrior hits david v2 with a +0 broad axe!
The orc warrior hits you with a +0 war axe.
* * * LOW HITPOINT WARNING * * *
The orc warrior hits david v2 with a +0 war axe.
David v2 is destroyed!
A red film seems to cover your vision as you go berserk!
You feel yourself moving faster!
You feel mighty!
The orc warrior hits you with a +0 broad axe.
* * * LOW HITPOINT WARNING * * *
The orc warrior hits you with a +0 war axe!
* * * LOW HITPOINT WARNING * * *
You hit the orc warrior.
The orc warrior is lightly wounded.
The orc warrior misses you.
You hit the orc warrior. You headbutt the orc warrior!!
The orc warrior is almost dead.
The orc warrior barely misses you.
You slash the orc warrior!
You kill the orc warrior!
You block the orc warrior's attack.
Items here: ( )) [.
You hit the orc warrior but do no damage.
The orc warrior is lightly wounded.
The orc warrior closely misses you.
You barely miss the orc warrior.
The orc warrior is lightly wounded.
The orc warrior hits you with a +0 war axe!
* * * LOW HITPOINT WARNING * * *
You barely miss the orc warrior. Your headbutt misses the orc warrior.
The orc warrior is lightly wounded.
You barely miss the orc warrior. You headbutt the orc warrior.
The orc warrior is lightly wounded.
The orc warrior misses you. You furiously retaliate!
You headbutt the orc warrior, but do no damage.
You hit the orc warrior but do no damage.
The orc warrior is lightly wounded.
You slash the orc warrior!
The orc warrior is heavily wounded.
The orc warrior hits you with a +0 war axe!
You die...

#####
####._.####
###.!$.(.$?.###
#.............#
...............
...............
#.............#
#...o@....#
####)..####
###'###
##..(..##
#...8...#
#∩....}∩#
##.....##
####'''####
##≈.......≈##


You could see an orc warrior.

Vanquished Creatures
  A water moccasin (D:5)
  2 orc warriors (Bailey)
  A necrophage (D:6)
  3 black bears
  An ogre (D:4)
  3 kobold brigands (Bailey)
  The ghost of Icepheonix32 the Covert, an amateur SpDe (D:4)
  A bullfrog (D:6)
  A gnoll sergeant (D:7)
  A water moccasin skeleton (D:4)
  7 killer bees (D:7)
  2 centaur zombies (D:7)
  A quasit (D:4)
  A hound (D:5)
  3 orc priests
  2 bullfrog skeletons (D:5)
  A gnoll shaman (D:7)
  4 iguanas
  9 orc wizards
  Natasha (thrice) (D:2)
  A howler monkey zombie (D:4)
  3 gnolls (D:7)
  A howler monkey skeleton (D:3)
  12 adders
  A shadow imp (D:6)
  An ufetubus (D:6)
  2 adder skeletons (D:4)
  2 dart slugs (D:4)
  18 orcs
  4 bats
  6 endoplasms
  11 giant cockroaches
  7 goblins
  4 hobgoblins
  2 jackals (D:4)
  11 kobolds
  8 quokkas
  5 ball pythons
  9 frilled lizards
  5 rats
161 creatures vanquished.

Vanquished Creatures (collateral kills)
  2 orc warriors
  A black bear (D:4)
  An ice beast (D:5)
  A centaur (D:6)
  A kobold brigand (Bailey)
  A scorpion (D:7)
  A water moccasin skeleton (D:5)
  3 killer bees (D:7)
  A quasit (D:4)
  A bullfrog zombie (D:5)
  A hound (D:5)
  An orc priest (D:6)
  A jelly (D:5)
  An iguana (D:7)
  4 orc wizards (D:6)
  A killer bee zombie (D:6)
  5 gnolls (D:7)
  4 adders
  A worm (D:4)
  A dart slug (D:5)
  10 orcs
  4 ball pythons
  9 giant cockroaches
  3 kobolds (Bailey)
  3 quokkas (Sewer)
  A bat (D:2)
  4 frilled lizards
  A goblin (D:1)
  A rat (D:2)
69 creatures vanquished.

Vanquished Creatures (others)
  3 battlemagi
  A plant (D:1)
4 creatures vanquished.

Grand Total: 234 creatures vanquished

Notes
Turn   | Place    | Note
-------+----------+-------------------------------------------
     0 | D:1      | davidthevgamer991 the Minotaur Fighter began the quest for
                  | the Orb.
     0 | D:1      | Reached XP level 1. HP: 19/19 MP: 0/0
    60 | D:1      | Found a faded altar of an unknown god.
    82 | D:1      | Prayed at the altar of an unknown god.
    82 | D:1      | Became a worshipper of Hepliaklqana the Forgotten
    82 | D:1      | Reached * piety under Hepliaklqana
   275 | D:1      | Reached XP level 2. HP: 22/24 MP: 1/1
   368 | D:1      | Found Geidohih's Distillery.
   586 | D:2      | Reached XP level 3. HP: 22/30 MP: 2/2
   818 | D:2      | Noticed Natasha
   826 | D:2      | Killed Natasha
   827 | D:2      | Reached XP level 4. HP: 16/36 MP: 3/3
  1107 | D:2      | Noticed Natasha
  1116 | D:2      | Killed Natasha
  1172 | D:2      | Reached ** piety under Hepliaklqana
  1173 | D:2      | Remembered your ancestor david v2 as a battlemage
  1414 | D:2      | Noticed Natasha
  1420 | D:2      | Killed Natasha
  1496 | D:2      | You fall into a shaft and drop 1 floor!
  1550 | D:3      | Reached XP level 5. HP: 42/42 MP: 4/4
  1554 | D:3      | Reached skill level 1 in Dodging
  1714 | D:3      | Found a glowing golden altar of the Shining One.
  1912 | D:3      | Reached skill level 5 in Armour
  1925 | D:3      | Reached skill level 5 in Fighting
  1929 | D:3      | Reached XP level 6. HP: 15/50 MP: 5/5
  2855 | D:4      | Found a transporter.
  2873 | D:4      | Noticed Icepheonix32's ghost (amateur SpDe)
  2881 | D:4      | Reached skill level 5 in Shields
  2885 | D:4      | Found a transporter.
  2962 | D:4      | Reached skill level 5 in Long Blades
  2962 | D:4      | Reached XP level 7. HP: 40/54 MP: 6/6
  3091 | D:4      | Reached *** piety under Hepliaklqana
  3091 | D:4      | Found an iron altar of Okawaru.
  3299 | D:4      | Killed Icepheonix32's ghost
  3561 | D:5      | Entered Level 5 of the Dungeon
  3606 | D:5      | Found an ornate altar of the Wu Jian Council.
  3698 | D:5      | Reached XP level 8. HP: 62/62 MP: 7/7
  3704 | D:5      | Found a glowing drain.
  3754 | Sewer    | Entered a sewer
  4233 | D:5      | Reached skill level 1 in Stealth
  5112 | D:6      | Found a radiant altar of Vehumet.
  5112 | D:6      | Found a stormy altar of Qazlal.
  5123 | D:6      | Found an opulent altar of Gozag.
  5127 | D:6      | Found a blossoming altar of Fedhas.
  5135 | D:6      | Found a sacrificial altar of Ru.
  5139 | D:6      | Found a basalt altar of Yredelemnul.
  5161 | D:6      | Reached XP level 9. HP: 67/67 MP: 8/8
  5253 | D:6      | Reached **** piety under Hepliaklqana
  5509 | D:6      | Found Zotosch's Distillery.
  5533 | D:6      | Bought a potion of heal wounds for 65 gold pieces
  5533 | D:6      | Bought a potion of might for 52 gold pieces
  7152 | D:7      | Found a staircase to the Ecumenical Temple.
  7663 | D:8      | Found a flagged portal.
  7678 | Bailey   | Entered a bailey
  7678 | Bailey   | Reached ***** piety under Hepliaklqana
  7713 | Bailey   | Reached skill level 5 in Dodging
  8040 | Bailey   | Found an iron altar of Okawaru.
  8061 | Bailey   | Slain by an orc warrior

Illustrated notes

Levels and vault maps discovered:
D:1:      denvon_arrival_planthouse, layout_basic, ebering_ecumenical_altar_box,
          serial_shops, nicolae_shop_hallway_stairs
D:2:      minmay_chambers_of_ones, layout_basic, minmay_misc_feat_square,
          uniq_natasha
D:3:      layout_basic, nicolae_tso_carved_into_rock,
          chequers_serial_rivers_small_b, kennysheep_generic_room_14
D:4:      layout_cave_pools, mainiacjoe_overflow_small_starburst,
          gammafunk_ghost_stat_death
D:5:      layout_basic, mainiacjoe_overflow_tiny_flanked, gup_sewer_entry_glass
D:6:      layout_basic, nicolae_overflow_hallway_of_the_gods, serial_shops,
          shop, nicolae_elevator_lobby_plus
D:7:      layout_loops_cross, minmay_temple_entry_sparse_star, eino_jars
D:8:      layout_basic, nemelex_diamond_rough_becter, enter_bailey_2
Bailey:   bailey_axe_3, bailey

Skill      XL: |  1  2  3  4  5  6  7  8  9 |
---------------+----------------------------+-----
Fighting       | 4 5 6 7 |  7.2
Armour         | 4 5 6 7 9 |  9.2
Long Blades    | 3 4 5 6 8 9 |  9.7
Shields        | 4 5 6 7 |  7.8
Dodging        | 1 2 3 5 |  5.3
Stealth        | 1 |  1.8

Action                   |  1- 3 |  4- 6 |  7- 9 || total
-------------------------+-------+-------+-------++-------
Melee: Long sword        |    41 |   123 |   227 ||   391
       Headbutt          |     6 |    13 |    41 ||    60
Invok: Ancestor Identity |     1 |       |       ||     1
       Ancestor Life: Ba |       |     1 |       ||     1
       Recall Ancestor   |       |       |     1 ||     1
  Use: Potion            |       |     3 |     4 ||     7
       Scroll            |       |     3 |     6 ||     9
 Stab: Distracted        |       |       |     1 ||     1
Armor: Scale mail        |    20 |    65 |    66 ||   151
Dodge: Dodged            |    25 |   138 |   232 ||   395
Block: Buckler           |    10 |    43 |    76 ||   129
